 Dungeon Crawl Stone Soup version 0.31.0-11-ge490571c62 (webtiles) character file.

Game seed: 4598270204714784191

104 inmateoo the Sneak (level 4, -1/37 HPs)
             Began as a Human Delver on Jan 28, 2024.
             Succumbed to a scorpion's poison
             ... on level 5 of the Dungeon.
             The game lasted 00:00:51 (205 turns).

inmateoo the Sneak (Human Delver)                    Turns: 205, Time: 00:00:52

Health: -1/37      AC:  6    Str: 15    XL:     4   Next: 80%
Magic:  4/4        EV:  9    Int: 10    God:
Gold:   0          SH:  0    Dex: 14    Spells: 3/3 levels left

rFire   . . .        a - +0 spear
rCold   . . .        (no shield)
rNeg    . . .        i - +0 scale mail
rPois   .            (no helmet)
rElec   .            (no cloak)
rCorr   .            (no gloves)
SInv    .            (no boots)
Will    .....        (no amulet)
Stlth   ++           (no ring)
HPRegen 0.26/turn    (no ring)
MPRegen 0.09/turn

%: no passive effects
@: lethally poisoned (-1 -> -12), invisible
A: explore regen
a: no special abilities


You were on level 5 of the Dungeon.
You visited 1 branch of the dungeon, and saw 1 of its levels.

Inventory:

Hand Weapons
 a - a +0 spear (weapon)
Armour
 i - a +0 scale mail (worn)
Wands
 g - a wand of digging (3)
Scrolls
 c - a scroll of fog
 d - a scroll of revelation
 e - a scroll of fear
 h - a scroll of amnesia {unknown}


   Skills:
 + Level 3.9 Fighting
 * Level 4.1 Polearms
 - Level 2.0 Dodging
 - Level 5.0 Stealth


You had 3 spell levels left.
You didn't know any spells.
Your spell library was empty.

Dungeon Overview and Level Annotations

Branches:
Dungeon (5/15)
 Temple: D:4-7

Altars:


Innate Abilities, Weirdness & Mutations

You regain HP and MP as you explore.


Message History

Aiming: Throw Flame
Press: ? - help, Shift-Dir - straight line, f/p - scorpion
Aim: a scorpion (severely wounded, 68% to hit)
The puff of flame hits the scorpion.
The scorpion is almost dead.
The now-empty wand crumbles to dust.
You feel very sick. The scorpion stings you.
Okay, then.
Reach: a) +0 spear
Press: ? - help, Dir - move target, f/p - scorpion
Aim: a scorpion (almost dead, about 36% to evade your +0 spear)
You barely miss the scorpion.
The scorpion is almost dead.
You feel very sick. The scorpion stings you.
* * * LOW HITPOINT WARNING * * *
You are more poisoned.
The scorpion poisons you!
Reach: a) +0 spear
Press: ? - help, Dir - move target, f/p - scorpion
Aim: a scorpion (almost dead, about 36% to evade your +0 spear)
You hit the scorpion but do no damage.
The scorpion is almost dead.
* * * LOW HITPOINT WARNING * * *
You feel very sick. The scorpion barely misses you.
The scorpion stings you but does no damage.
It was a potion of invisibility.
You fade into invisibility!
* * * LOW HITPOINT WARNING * * *
You feel very sick. The scorpion barely misses you.
Reach: a) +0 spear
Press: ? - help, Dir - move target, f/p - scorpion
Aim: a scorpion (almost dead, unable to see you, about 36% to evade your +0 spear)
You strike the helpless scorpion from behind!
You hit the scorpion.
The scorpion is almost dead.
You die...

................######.....
...........................
##............##########..
#####.###....# #..
#.######### #.. #.##.....)#
##.. #.##......# ##.[.
#.##......# #....
#...@s....# ###.#..
#####.##### ##...#..
......###..###..
#####...>.......
###########. . .


You could see a scorpion (unable to see you).

Vanquished Creatures
  An ogre (D:5)
  An adder (D:5)
  2 ufetubi (D:5)
  A dart slug (D:5)
5 creatures vanquished.

Notes
Turn   | Place    | Note
-------+----------+-------------------------------------------
     0 | D:5      | inmateoo the Human Delver began the quest for the Orb.
     0 | D:5      | Reached XP level 1. HP: 18/18 MP: 1/1
    88 | D:5      | Reached XP level 2. HP: 24/24 MP: 2/2
    92 | D:5      | Noticed an ogre
   108 | D:5      | Killed an ogre
   109 | D:5      | Reached XP level 3. HP: 19/30 MP: 3/3
   109 | D:5      | Reached XP level 4. HP: 23/37 MP: 4/4
   192 | D:5      | Noticed a scorpion
   205 | D:5      | Succumbed to a scorpion's poison

Illustrated notes

Levels and vault maps discovered:
D:5:      layout_basic, kennysheep_mini, serial_shops, shop

Skill      XL: |  1  2  3  4 |
---------------+-------------+-----
Polearms       | 3 4 |  4.1
Fighting       | |  3.9
Dodging        | |  2.0
Stealth        | |  5.0

Action                     |  1- 3 |  4- 6 || total
---------------------------+-------+-------++-------
  Melee: Spear             |     8 |     8 ||    16
  Evoke: Wand              |     7 |     7 ||    14
    Use: Potion            |     1 |     1 ||     2
   Stab: Sleeping          |     1 |       ||     1
         Invisible         |       |     1 ||     1
 Armour: Scale mail        |     5 |    10 ||    15
         Leather armour    |     1 |       ||     1
  Dodge: Dodged            |       |     2 ||     2
